 Dungeon Crawl Stone Soup version 0.29-a0-542-g075992c915 (webtiles) character file.

Game seed: 6462966850030600443

2263902 Ijustatesigmund the Timeless (level 27, 224/224 HPs)
             Began as a Gnoll Conjurer on June 1, 2022.
             Was a High Priest of Cheibriados.
             Escaped with the Orb
             ... and 5 runes on June 4, 2022!
             The game lasted 09:37:22 (119861 turns).

Ijustatesigmund the Timeless (Gnoll Conjurer)     Turns: 119861, Time: 09:37:22

Health: 224/224    AC: 38    Str: 27 (33) XL:     27
Magic:  56/56      EV: 29    Int: 37 (47) God:    Cheibriados [*****.]
Gold:   6833       SH: 24    Dex: 28 (33) Spells: 9/66 levels left

rFire   + + +      SeeInvis +   t - +12 flail "Qykuree" {vorpal, rF+ rC+ rCorr Str+3}
rCold   + . .      Faith    .   V - +1 kite shield of Lies {Int+6 Dex+4}
rNeg    . . .      Spirit   .   a - +8 fire dragon scales
rPois   +          Reflect  +   P - +2 hood of the Assassin {Detection Stab+ Stlth++}
rElec   .          Harm     .   c - +1 cloak "Wouboipt" {Dex+3 SInv}
rCorr   +          Rampage  .   X - +2 pair of gloves of the Garden {rC+ Dex+4}
Will    +++..                   g - +5 pair of boots of Submission {rPois Will+ Str+7 Dex-3}
Stlth   +++.......              S - amulet of reflection
HPRegen 0.47/turn               s - ring of wizardry
MPRegen 0.35/turn               G - ring of magical power

@: studying 2 skills, very slow
A: fangs 1, strong nose, distributed training, horns 1, talons 1, dopey 1,
MP-powered wands
0: Orb of Zot
}: 5/15 runes: serpentine, barnacled, slimy, silver, abyssal
a: Renounce Religion, Bend Time, Temporal Distortion, Slouch, Step From Time


You escaped.
You worshipped Cheibriados.
Cheibriados was extremely pleased with you.
You visited 14 branches of the dungeon, and saw 60 of its levels.
You visited the Abyss 1 time.
You also visited: Ice Cave.

You collected 9107 gold pieces.
You spent 2274 gold pieces at shops.

Inventory:

Hand Weapons
 t - the +12 flail "Qykuree" (weapon) {vorpal, rF+ rC+ rCorr Str+3}
   (You took it off a red draconian on level 2 of the Realm of Zot)

   It inflicts extra damage upon your enemies.
   Str:       It affects your strength (+3).
   rF:        It protects you from fire.
   rC:        It protects you from cold.
   rCorr:     It protects you from acid and corrosion.
 C - the +2 fustibalus of Xaopnut {flame, rN+ Int+8}
   (You acquired it on level 3 of the Elven Halls)

   Any ammunition fired from it burns those it strikes, dealing additional fire
   damage.
   Int:       It affects your intelligence (+8).
   rN:        It protects you from negative energy.
 J - a +4 sacred scourge of holy wrath
Armour
 a - +8 fire dragon scales (worn)
 c - the +1 cloak "Wouboipt" (worn) {Dex+3 SInv}
   (You found it on level 2 of the Depths)

   Dex:       It affects your dexterity (+3).
   SInv:      It lets you see invisible.
 g - the +5 pair of boots of Submission (worn) {rPois Will+ Str+7 Dex-3}
   (You found it on level 3 of the Snake Pit)

   Str:       It affects your strength (+7).
   Dex:       It affects your dexterity (-3).
   rPois:     It protects you from poison.
   Will:      It increases your willpower.
 P - the +2 hood of the Assassin (worn) {Detection Stab+ Stlth++}
   (You found it on level 5 of the Vaults)

   It allows the wearer to sense nearby creatures.
   It allows the wearer to make particularly effective stabbing attacks against
   helpless or unaware enemies with any weapon.
   Stlth:     It makes you much more stealthy.
 V - the +1 kite shield of Lies (worn) {Int+6 Dex+4}
   (You acquired it on level 4 of the Snake Pit)

   Int:       It affects your intelligence (+6).
   Dex:       It affects your dexterity (+4).
 X - the +2 pair of gloves of the Garden (worn) {rC+ Dex+4}
   (You acquired it on level 3 of the Elven Halls)

   Dex:       It affects your dexterity (+4).
   rC:        It protects you from cold.
Jewellery
 s - a ring of wizardry (left hand)
 w - a ring of protection from fire
 G - a ring of magical power (right hand)
 L - the ring "Daschompy" {rC+ rN+}
   (You found it on level 5 of the Pits of Slime)

   [ring of protection from cold]

   rC:        It protects you from cold.
   rN:        It protects you from negative energy.
 Q - the ring "Lenoil" {rF+ Will+ Dex+4}
   (You found it on level 3 of the Crypt)

   [ring of willpower]

   Dex:       It affects your dexterity (+4).
   rF:        It protects you from fire.
   Will:      It increases your willpower.
 S - an amulet of reflection (around neck)
 T - the ring "Ras Fida" {Ice rN+ Will+ Int+4 Dex-3}
   (You took it off a deep elf high priest on level 3 of the Elven Halls)

   [ring of ice]

   It enhances your ice magic.
   Int:       It affects your intelligence (+4).
   Dex:       It affects your dexterity (-3).
   rF:        It makes you vulnerable to fire.
   rC:        It protects you from cold.
   rN:        It protects you from negative energy.
   Will:      It increases your willpower.
Wands
 i - a wand of digging (12)
 l - a wand of polymorph (39)
 o - a wand of acid (4)
 q - a wand of mindburst (29)
 y - a wand of flame (52)
 M - a wand of iceblast (12)
 W - a wand of paralysis (22)
 Z - a wand of charming (11)
Scrolls
 d - 2 scrolls of silence
 h - 10 scrolls of poison
 m - 2 scrolls of enchant armour
 r - a scroll of summoning
 v - 9 scrolls of teleportation
 x - 9 scrolls of immolation
 A - a scroll of magic mapping
 B - 7 scrolls of amnesia
 E - a scroll of blinking
 H - 5 scrolls of fear
 N - 7 scrolls of brand weapon
 U - 7 scrolls of fog
Potions
 b - 3 potions of magic
 e - 3 potions of cancellation
 f - 14 potions of flight
 k - 5 potions of brilliance
 p - 7 potions of attraction
 u - 6 potions of lignification
 z - 3 potions of berserk rage
 D - 8 potions of heal wounds
 F - 6 potions of might
 I - 2 potions of mutation
 K - 26 potions of curing
 O - 4 potions of invisibility
 R - 9 potions of ambrosia
 Y - 2 potions of resistance
Miscellaneous
 n - a condenser vane


   Skills:
 + Level 19.8 Fighting
 + Level 19.8 Short Blades
 + Level 19.8 Long Blades
 + Level 19.8 Axes
 + Level 19.8 Maces & Flails
 + Level 19.8 Polearms
 + Level 19.8 Staves
 + Level 19.8 Slings
 + Level 19.8 Bows
 + Level 19.8 Crossbows
 + Level 19.8 Throwing
 + Level 19.8 Armour
 + Level 20.3 Dodging
 + Level 20.2 Stealth
 + Level 19.8 Shields
 + Level 19.8 Unarmed Combat
 + Level 20.4 Spellcasting
 + Level 18.2 Conjurations
 + Level 18.3 Hexes
 + Level 16.9 Summonings
 + Level 16.9 Necromancy
 + Level 16.9 Translocations
 + Level 16.9 Transmutations
 + Level 16.9 Fire Magic
 + Level 16.9 Ice Magic
 + Level 16.9 Air Magic
 + Level 16.9 Earth Magic
 + Level 16.9 Poison Magic
 + Level 22.4 Invocations
 + Level 19.8 Evocations


You had 9 spell levels left.
You knew the following spells:

 Your Spells              Type           Power      Damage    Failure   Level
a - Magic Dart            Conj           100%       1d8       0%          1
b - Ignite Poison         Fire/Tmut/Pois 100%       N/A       0%          3
c - Spellforged Servitor  Conj/Summ      53%        N/A       1%          7
d - Iskenderun's Battles  Conj           100%       2d15      1%          5
e - Apportation           Tloc           100%       N/A       0%          1
f - Borgnjor's Vile Clut  Necr/Erth      52%        N/A       1%          5
g - Summon Forest         Summ/Tloc      52%        N/A       1%          5
h - Irradiate             Conj/Tmut      53%        3d31      1%          5
i - Iron Shot             Conj/Erth      53%        9d10      1%          6
j - Dispel Undead         Necr           100%       3d31      0%          4
k - Passwall              Tmut/Erth      86%        N/A       0%          2
l - Freezing Cloud        Conj/Ice/Air   52%        6-21      1%          5
m - Necromutation         Tmut/Necr      52%        N/A       4%          8

Your spell library contained the following spells:

 Spells                   Type           Power      Damage    Failure   Level
 Beastly Appendage        Tmut           100%       N/A       0%          1
 Foxfire                  Conj/Fire      100%       2x1d9     0%          1
 Freeze                   Ice            100%       1d11      0%          1
 Necrotize                Necr           100%       1d9       0%          1
 Sandblast                Erth           100%       2d20      0%          1
 Shock                    Conj/Air       100%       1d9       0%          1
 Summon Small Mammal      Summ           100%       N/A       0%          1
 Call Imp                 Summ           100%       N/A       0%          2
 Ensorcelled Hibernation  Hex/Ice        100%       N/A       0%          2
 Poisonous Vapours        Pois/Air       100%       N/A       0%          2
 Scorch                   Fire           100%       2d10      0%          2
 Searing Ray              Conj           100%       2d8       0%          2
 Static Discharge         Conj/Air       100%       N/A       0%          2
 Sublimation of Blood     Necr           100%       N/A       0%          2
 Wereblood                Tmut           100%       N/A       0%          2
 Call Canine Familiar     Summ           100%       N/A       0%          3
 Confusing Touch          Hex            100%       N/A       0%          3
 Conjure Flame            Conj/Fire      100%       6-21      0%          3
 Dazzling Flash           Conj/Hex       100%       N/A       0%          3
 Frozen Ramparts          Ice            100%       1d12      0%          3
 Gell's Gravitas          Tloc           100%       N/A       0%          3
 Inner Flame              Hex/Fire       100%       N/A       0%          3
 Lesser Beckoning         Tloc           100%       N/A       0%          3
 Mephitic Cloud           Conj/Pois/Air  100%       N/A       0%          3
 Ozocubu's Armour         Ice            100%       N/A       0%          3
 Portal Projectile        Hex/Tloc       100%       N/A       0%          3
 Spider Form              Tmut/Pois      100%       N/A       0%          3
 Stone Arrow              Conj/Erth      100%       3d13      0%          3
 Summon Guardian Golem    Hex/Summ       100%       N/A       0%          3
 Swiftness                Air            100%       N/A       0%          3
 Teleport Other           Tloc           100%       N/A       0%          3
 Tukima's Dance           Hex            100%       N/A       0%          3
 Vampiric Draining        Necr           100%       2d13      0%          3
 Airstrike                Air            52%        N/A       0%          4
 Animate Armour           Summ/Erth      100%       N/A       0%          4
 Animate Dead             Necr           100%       N/A       0%          4
 Cause Fear               Hex            54%        N/A       0%          4
 Corpse Rot               Necr/Pois/Air  100%       N/A       0%          4
 Flame Wave               Conj/Fire      100%       2d17      0%          4
 Fulminant Prism          Conj/Hex       53%        3d23      0%          4
 Hailstorm                Conj/Ice       100%       3d20      0%          4
 Ice Form                 Ice/Tmut       100%       N/A       0%          4
 Iskenderun's Mystic Bla  Conj/Tloc      100%       2d19      0%          4
 Leda's Liquefaction      Hex/Erth       53%        N/A       0%          4
 Olgreb's Toxic Radiance  Pois           100%       N/A       0%          4
 Passage of Golubria      Tloc           100%       N/A       0%          4
 Petrify                  Tmut/Erth      100%       N/A       0%          4
 Sticky Flame             Conj/Fire      100%       2d11      0%          4
 Summon Ice Beast         Ice/Summ       100%       N/A       0%          4
 Summon Lightning Spire   Summ/Air       100%       N/A       0%          4
 Agony                    Necr           100%       N/A       1%          5
 Alistair's Intoxication  Tmut/Pois      69%        N/A       1%          5
 Blade Hands              Tmut           52%        N/A       1%          5
 Fireball                 Conj/Fire      53%        3d21      1%          5
 Lee's Rapid Deconstruct  Erth           52%        3d25*     1%          5
 Lightning Bolt           Conj/Air       53%        1d74      1%          5
 Silence                  Hex/Air        53%        N/A       1%          5
 Summon Mana Viper        Hex/Summ       100%       N/A       1%          5
 Yara's Violent Unravell  Hex/Tmut       53%        3d20      1%          5
 Conjure Ball Lightning   Conj/Air       53%        3x3d18    1%          6
 Death Channel            Necr           52%        N/A       1%          6
 Eringya's Noxious Bog    Tmut/Pois      52%        N/A       1%          6
 Simulacrum               Ice/Necr       52%        N/A       1%          6
 Starburst                Conj/Fire      53%        6d14      1%          6
 Statue Form              Tmut/Erth      69%        N/A       1%          6
 Summon Cactus Giant      Summ           52%        N/A       1%          6
 Dragon Form              Tmut           52%        N/A       1%          7
 Enfeeble                 Hex            54%        N/A       1%          7
 Haunt                    Necr/Summ      52%        N/A       1%          7
 Malign Gateway           Summ/Tloc      52%        N/A       1%          7
 Monstrous Menagerie      Summ           52%        N/A       1%          7
 Orb of Destruction       Conj           53%        9d13      1%          7
 Ozocubu's Refrigeration  Ice            52%        4d15      1%          7
 Summon Hydra             Summ           52%        N/A       1%          7
 Discord                  Hex            54%        N/A       2%          8
 Lehudib's Crystal Spear  Conj/Erth      53%        10d12     3%          8
 Borgnjor's Revivificati  Necr           52%        N/A       4%          8
 Disjunction              Tloc           52%        N/A       4%          8
 Ignition                 Fire           52%        3d14      4%          8
 Infestation              Necr           52%        N/A       4%          8
 Chain Lightning          Conj/Air       53%        3d70      45%         9
 Fire Storm               Conj/Fire      53%        8d13      45%         9
 Death's Door             Necr           52%        N/A       54%         9
 Dragon's Call            Summ           52%        N/A       54%         9
 Shatter                  Erth           52%        3d39*     54%         9


Dungeon Overview and Level Annotations

Branches:
Dungeon (15/15)            Temple (0/1) D:6            Lair (6/6) D:10
 Shoals (4/4) Lair:3        Snake (4/4) Lair:4        Slime (5/5) Lair:5
    Orc (2/2) D:10            Elf (3/3) Orc:2        Vaults (5/5) D:14
  Crypt (3/3) Vaults:3       Tomb (1/3) Crypt:3      Depths (4/4) D:15
   Hell (visited)             Dis (0/7) Hell            Geh (2/7) Hell
    Coc (0/7) Hell            Tar (0/7) Hell            Zot (5/5) Depths:4
  IceCv (visited)

Altars:
Ashenzari
Cheibriados
Dithmenos
Fedhas
Gozag
Kikubaaqudgha
Ru
Trog
Uskayaw
Vehumet
Xom
Zin
The Shining One
Beogh
Jiyva
Lugonu

Shops:
D:2 !   D:7 =   Orc:1 [   Orc:2 *[?=   Elf:2 [   Shoals:1 !   Shoals:2 (*
Snake:1 =*   Snake:2 **(   Snake:3 =   Snake:4 :==   Vaults:1 *   Vaults:3 [
Depths:1 (

Portals:
Hell: Depths:1 Depths:2 Depths:3 Depths:4
Abyss: Depths:1
Pandemonium: Orc:2 Depths:2 Depths:3
Ziggurat: Depths:4
Trove: D:15 (show slimy rune of Zot)

Annotations:
Lair:2 3 runed translucent doors, Heedrag's ghost, journeyman DsCj
Elf:3 1 runed translucent door


Innate Abilities, Weirdness & Mutations

You have very sharp teeth.
Your uncanny sense of smell can sniff out nearby items.
Your experience applies equally to all skills.
You have a pair of small horns on your head.
You have sharp toenails.
You are dopey. (Int -2)
You expend magic power (3 MP) to strengthen your wands.


Message History

The daeva blocks the iron shot.
Casting: Iron Shot (mildly dangerous; 1% risk of failure)
Confirm with . or Enter, or press ? or * to list all spells.
Aiming: Iron Shot (mildly dangerous; 1% risk of failure)
Press: ? - help, Shift-Dir - straight line, f/p - daeva
Aim: a daeva, wielding a +5 scimitar of holy wrath and wearing a +0 tower shield (almost dead, ally target, haloed, 83% to hit)
The iron shot misses the daeva.
Your battlesphere fires!
The barrage of energy hits the daeva.
The daeva is almost dead.
Your spellforged servitor casts a spell at the daeva.
The iron shot hits the daeva!
The daeva dies!
Cheibriados appreciates the change of pace.
(D) Dungeon (T) Temple (L) Lair (A) Shoals (P) Snake Pit (M) Slime Pits (O) Orcish Mines (E) Elven Halls (V) Vaults (C) Crypt (W) Tomb (U) Depths (H) Hell (I) Dis (G) Gehenna (X) Cocytus (Y) Tartarus (Z) Zot
Where to? (Enter - D:3, ? - help)
Things that are here:
a +5 scimitar of holy wrath; a +0 tower shield Your spellforged servitor disappears in a puff of smoke!
Your battlesphere wavers and loses cohesion.
HP restored.
There is a stone staircase leading up here.
You climb upwards.
There is a stone staircase leading down here.
There is a stone staircase leading up here.
You climb upwards.
There is a stone staircase leading down here.
A hell beast comes into view.
There is a stone staircase leading up here.
You climb upwards.
There is a stone staircase leading down here.
There is an open door here.
There is an open door here.
There is a fountain of clear blue water here.
There is a staircase leading out of the dungeon here.
You have escaped!

.#.## ##.....## #.#.# #.#
#.# #.## ##...##
###.#.###.# #.# #.# ##'##
#.........# #.# #.# #)#
#.###...### #.# #.#
###.######.###.#.## #.#
#.# #.................#
#.#
#.######.###'#######'###.#
#.#
#.....(#.#..⌠..÷>...⌠.(#.#
#.#
######.#.#......@......#.#
#.# #.#.'⌠....###....⌠'.#
#.# #.#.#.............#.#
#.. #...#######'#######.#
### ###.#.............#.##
#.#.............#..#
#####.#.............#..#
#.....###############..#
##
#.###..................#


There were no monsters in sight!

Vanquished Creatures
  the Royal Jelly (Slime:5)
  Dissolution (Slime:2)
  Tiamat (Zot:3)
  4 ancient liches
  6 dread liches
  The ghost of Teqoj the Conqueror, a legendary MiBe of Trog (Zot:3)
  2 orbs of fire
  Mennas (Crypt:2)
  A juggernaut (Depths:2)
  Sojobo (Vaults:5)
  4 Killer Klowns
  Josephina (Depths:4)
  A pandemonium lord (Zot:3)
  2 caustic shrikes (Depths:2)
  Margery (Depths:4)
  4 curse toes
  Saint Roka (Snake:1)
  Geryon (Hell)
  4 bone dragons
  8 golden dragons
  A profane servitor (Abyss:4)
  3 hellephants (Depths:4)
  2 electric golems
  Jorgrun (Orc:1)
  20 Orb Guardians
  A walking crystal tome (Depths:2)
  15 tentacled monstrosities
  9 liches
  A walking divine tome (Depths:2)
  A shard shrike skeleton (Abyss:4)
  6 titans
  2 Hell Sentinels
  3 deep elf blademasters (Elf:3)
  5 quicksilver dragons
  4 deep elf master archers (Elf:3)
  Agnes (Elf:1)
  An Executioner (Abyss:5)
  5 death cobs
  19 tentacled starspawn
  2 searing wretches (Geh:1)
  Kirke (Lair:6)
  Frances (Shoals:1)
  Polyphemus (Shoals:3)
  8 ancient champions
  18 acid blobs
  13 shadow dragons
  14 tengu reavers
  5 sphinxes
  The ghost of Sat the Spry, an adept MiBe of Trog (Shoals:2)
  14 storm dragons
  Ilsuiw (Shoals:4)
  9 azure jellies
  10 rockslimes
  9 nagarajas (Snake:4)
  5 revenants
  15 frost giants
  A daeva (Abyss:3)
  10 draconian monks
  9 draconian knights
  4 draconian scorchers
  13 fire giants
  Louise (Shoals:4)
  2 iron dragons
  10 deep elf sorcerers
  4 balrugs
  4 ghost moths
  2 juggernaut zombies
  19 vault wardens
  An orc warlord (Elf:3)
  5 cacodemons
  2 angels
  19 ironbound preservers
  8 draconian stormcallers
  3 deep elf elementalists
  5 reapers (Hell)
  A juggernaut skeleton (Crypt:1)
  A ghoul (Crypt:3)
  4 draconian shifters
  11 quicksilver oozes
  5 draconian annihilators
  A spriggan defender (Depths:2)
  2 war gargoyles
  17 stone giants
  24 very ugly things
  10 ironbound thunderhulks
  9 vampire knights
  7 green draconians
  6 deep elf demonologists
  14 black draconians
  The ghost of FIQ the Eclecticist, a journeyman DjCj of Xom (Elf:1)
  3 entropy weavers (Vaults:4)
  15 red draconians
  2 lorocyprocas
  7 deep elf annihilators
  12 purple draconians
  5 spark wasps
  14 white draconians
  16 yellow draconians
  5 dire elephants
  An ettin (shapeshifter) (Vaults:5)
  5 crystal guardians
  6 deep elf death magi
  3 blizzard demons
  3 mummy priests (Tomb:1)
  A green death (Abyss:4)
  11 yaktaur captains
  10 fire dragons
  8 eidola
  A merfolk javelineer (Shoals:4)
  6 merfolk impalers
  18 ettins
  11 great orbs of eyes
  19 jiangshi
  6 deep elf high priests
  8 rakshasas
  4 peacekeepers
  36 vault guards
  Erolcha (D:10)
  2 spriggan air magi (Depths:2)
  7 hydras
  13 ice dragons
  A demonspawn (Orc:2)
  3 boulder beetles
  A jorogumo (shapeshifter) (Depths:2)
  2 merfolk avatars (Shoals:2)
  3 salamander tyrants
  4 spriggan skeletons
  2 alligators (Shoals:2)
  5 ironbound frosthearts
  12 anacondas
  4 merfolk aquamancers
  2 catoblepae (Lair:6)
  20 dancing weapons
  An ogre mage (Vaults:3)
  12 naga warriors
  9 deep troll shamans
  9 centaur warriors
  7 deep troll earth magi
  6 two-headed ogres
  5 alligator snapping turtles
  7 tengu warriors
  3 satyrs
  5 vampire magi
  20 death yaks
  6 death knights
  An alligator (shapeshifter) (Vaults:5)
  6 orc high priests (Orc:2)
  29 hell hogs
  10 spriggan berserkers
  4 shock serpents
  51 thrashing horrors
  11 naga sharpshooters
  Urug (Lair:4)
  20 sun demons
  9 soul eaters
  A spriggan (Depths:3)
  An emperor scorpion zombie (Crypt:2)
  14 deep elf knights
  66 large abominations
  A titan skeleton (Crypt:2)
  12 hell knights
  5 sixfirhies
  8 spatial maelstroms
  19 wretched stars
  4 salamander mystics
  7 shadow wraiths
  Lodul (D:10)
  2 goliath frogs (Shoals:2)
  10 iron trolls
  An entropy weaver zombie (Crypt:3)
  5 skeletal warriors
  12 sea snakes
  12 flayed ghosts
  A quicksilver dragon simulacrum (Depths:4)
  A shadow demon (Depths:1)
  43 deep trolls
  An obsidian statue (Shoals:2)
  2 bog bodies (Crypt:3)
  A kraken simulacrum (Shoals:4)
  13 glowing orange brains
  13 phantasmal warriors
  An orb spider (shapeshifter) (Abyss:3)
  14 harpies
  7 naga ritualists
  A lindwurm (shapeshifter) (Depths:2)
  8 wizards
  An orb spider (Abyss:4)
  15 deep elf archers
  Pikel (D:7)
  6 spriggan simulacra
  13 orc knights
  A bunyip skeleton (Crypt:1)
  25 deep elf pyromancers
  10 ironbound convokers
  28 deep elf zephyrmancers
  5 lindwurms
  A frost giant zombie (Crypt:3)
  An oklob plant (Lair:5)
  An anaconda skeleton (Crypt:2)
  10 necromancers
  12 mana vipers
  5 orc sorcerers
  8 fauns (Shoals:3)
  10 shining eyes
  A will-o-the-wisp (Abyss:4)
  A shining eye (shapeshifter) (Vaults:5)
  10 manticores
  A sphinx skeleton (Crypt:2)
  31 ugly things
  A salamander (shapeshifter) (Elf:3)
  7 cyclopes
  A centaur zombie (Hell)
  32 moths of wrath
  2 toenail golems
  7 worldbinders
  14 salamanders
  7 merfolk sirens
  Joseph (Lair:1)
  2 elephants (Lair:6)
  A human skeleton (Crypt:3)
  6 rust devils
  An eye of devastation (shapeshifter) (Abyss:3)
  40 black mambas
  17 guardian serpents
  A frost giant skeleton (Crypt:3)
  An ice statue (IceCv)
  A torpor snail (Lair:3)
  4 eyes of devastation
  4 apocalypse crabs
  9 naga magi
  9 cane toads
  A titan simulacrum (Hell)
  22 smoke demons
  7 water nymphs
  7 vault sentinels
  2 gargoyles (D:12)
  A storm dragon simulacrum (Depths:4)
  8 orange demons
  2 demonic crawlers
  A komodo dragon (shapeshifter) (Vaults:5)
  15 komodo dragons
  12 efreet
  4 hellions
  A kobold demonologist (D:10)
  8 rime drakes
  38 yaktaurs
  A tormentor (Geh:1)
  6 hellwings
  4 unseen horrors
  4 ice devils
  13 freezing wraiths
  8 trolls
  6 tengu conjurers
  21 ancient zymes
  A red devil (Hell)
  A minotaur skeleton (Crypt:1)
  A troll (shapeshifter) (Depths:3)
  A mana viper zombie (Crypt:1)
  A yellow draconian skeleton (Crypt:2)
  2 hornets
  5 wind drakes
  A silent spectre (Abyss:3)
  8 polar bears
  A queen bee (Lair:2)
  47 raiju
  28 merfolk
  Grinder (D:6)
  Prince Ribbit (D:6)
  A wind drake (shapeshifter) (Depths:4)
  A fire dragon zombie (Crypt:1)
  A snapping turtle (shapeshifter) (Vaults:5)
  19 blink frogs
  110 slime creatures
  12 snapping turtles
  2 ettin skeletons (Crypt:2)
  28 flying skulls
  53 small abominations
  6 wraiths
  10 ynoxinuls
  A naga simulacrum (Abyss:4)
  7 water elementals
  3 air elementals
  10 wyverns
  A guardian serpent skeleton (Crypt:1)
  A shadow (D:13)
  3 basilisks
  3 hogs (Lair:6)
  5 vampires
  7 fire bats
  6 fire elementals
  17 neqoxecs
  67 yaks
  A wind drake skeleton (Crypt:1)
  12 chaos spawn
  A redback (shapeshifter) (Abyss:4)
  An ushabti (Tomb:1)
  3 vampire mosquitoes
  21 spatial vortices
  22 golden eyes
  2 steam dragons
  4 redbacks (Vaults:4)
  39 nagas
  Edmund (D:6)
  3 wargs
  A harpy simulacrum (Hell)
  3 acid dragons
  14 water moccasins
  2 water moccasins (shapeshifter)
  2 floating eyes (Depths:2)
  Duvessa (D:6)
  2 naga skeletons
  A swamp drake (Lair:4)
  3 black bears
  3 ettin simulacra (Depths:3)
  57 orc warriors
  A water nymph skeleton (Crypt:2)
  25 ogres
  3 boggarts (Vaults:1)
  14 wolves
  A torpor snail zombie (Crypt:3)
  8 centaurs
  4 lemures (D:7)
  11 kobold brigands
  Blork the orc (D:5)
  11 bullfrogs
  2 earth elementals
  2 gnoll sergeants (D:10)
  2 scorpions
  3 necrophages
  3 wights (D:8)
  Dowan (D:6)
  25 killer bees
  3 electric eels
  A polar bear skeleton (Crypt:3)
  2 howler monkeys
  A crimson imp (Abyss:4)
  A basilisk zombie (Crypt:1)
  2 quasits
  76 starcursed masses
  29 orc priests
  19 jellies
  2 hounds
  7 iron imps
  A gnoll shaman (D:7)
  14 iguanas
  16 orc wizards
  2 boggart skeletons
  A boggart simulacrum (D:15)
  2 mummies (Tomb:1)
  4 adders
  13 gnolls
  A swamp drake skeleton (Crypt:3)
  A shadow imp (D:6)
  10 white imps
  5 ufetubi
  An adder zombie (Crypt:1)
  2 worms (D:3)
  A dart slug (D:1)
  79 orcs
  4 ball pythons
  9 bats
  13 endoplasms
  7 giant cockroaches
  5 goblins
  5 hobgoblins
  4 jackals
  32 kobolds
  2 quokkas
  16 frilled lizards
  An orc skeleton (Crypt:2)
  6 rats
  4 bushes (Lair:5)
  6 fire vortices
  5 lurking horrors
  A snaplasher vine (Zot:3)
  17 starspawn tentacles
3124 creatures vanquished.

Vanquished Creatures (collateral kills)
  2 orbs of fire (Zot:5)
  An electric golem (Zot:5)
  2 tentacled monstrosities
  2 acid blobs (Slime:5)
  8 Orb Guardians
  A titan (Vaults:5)
  3 tentacled starspawn
  2 liches (Crypt:3)
  2 death cobs (Zot:5)
  2 Executioners (Abyss:2)
  A revenant (Abyss:3)
  A storm dragon (Zot:5)
  A daeva (D:4)
  An azure jelly (Slime:2)
  A fire giant (Geh:1)
  A rockslime (Slime:5)
  2 vault wardens (Vaults:3)
  3 draconian scorchers
  2 draconian stormcallers
  A balrug (Abyss:3)
  2 cacodemons
  2 ironbound preservers (Vaults:3)
  An ironbound thunderhulk (Vaults:4)
  2 deep elf elementalists (Elf:3)
  2 reapers (Hell)
  2 deep elf demonologists (Elf:3)
  A green draconian (Zot:3)
  A vampire knight (Hell)
  2 purple draconians
  5 black draconians
  4 white draconians
  2 red draconians (Zot:3)
  A yellow draconian (Zot:4)
  A deep elf death mage (Elf:3)
  2 deep elf high priests
  A yaktaur captain (Vaults:3)
  An eidolon (Abyss:4)
  A hell beast (Zot:3)
  A vault guard (Vaults:3)
  A great orb of eyes (Vaults:1)
  A catoblepas (Shoals:3)
  2 salamander tyrants (Geh:1)
  An ironbound frostheart (Vaults:3)
  A naga warrior (Snake:2)
  A death yak (Shoals:3)
  A vampire mage (Crypt:2)
  8 hell hogs
  4 dancing weapons
  2 soul eaters (Hell)
  A spriggan berserker (Depths:3)
  15 thrashing horrors
  A skeletal warrior (D:14)
  2 sun demons (Abyss:3)
  2 hell knights (Hell)
  3 sixfirhies
  2 wretched stars (Abyss:4)
  A spatial maelstrom (Abyss:4)
  A glowing orange brain (Abyss:3)
  A deep troll (Vaults:4)
  2 lindwurms (Vaults:3)
  2 ironbound convokers (Vaults:3)
  4 deep elf zephyrmancers
  An orc knight (Orc:1)
  3 orc sorcerers
  An ugly thing (D:14)
  A shining eye (Slime:5)
  A deep elf pyromancer (Elf:2)
  5 worldbinders
  2 moths of wrath (Zot:5)
  22 large abominations
  4 elephants
  3 black mambas
  An eye of devastation (Abyss:5)
  A water nymph (Shoals:1)
  A guardian serpent (Abyss:4)
  5 smoke demons
  2 naga magi
  An apocalypse crab (Abyss:4)
  A vault sentinel (Vaults:3)
  2 orange demons
  A cane toad (shapeshifter) (Vaults:5)
  3 freezing wraiths
  A hellion (Abyss:4)
  2 komodo dragons
  12 starcursed masses
  An efreet (Abyss:5)
  A tormentor (Geh:1)
  A yaktaur (Vaults:2)
  3 red devils (Hell)
  2 ancient zymes (Abyss:4)
  A troll (Orc:1)
  A hydra skeleton (Abyss:4)
  8 blink frogs
  4 slime creatures
  14 raiju
  2 ynoxinuls
  A dire elephant simulacrum (Abyss:4)
  2 flying skulls
  5 wraiths
  A water elemental (Shoals:4)
  11 small abominations
  15 yaks
  2 redbacks (Vaults:4)
  A vampire mosquito (D:12)
  5 chaos spawn
  3 neqoxecs
  A warg (Orc:2)
  6 nagas
  3 spatial vortices
  2 hell hounds (Abyss:4)
  A faun skeleton (Crypt:3)
  5 orc warriors
  4 wolves (Lair:6)
  An ogre (Orc:1)
  A kobold brigand (D:10)
  An earth elemental (Abyss:3)
  2 bullfrogs
  A scorpion (Lair:1)
  A quasit (Abyss:4)
  An iron imp (Abyss:3)
  7 orc priests
  8 orc wizards
  An iguana (Lair:4)
  2 white imps (Abyss:3)
  An ufetubus (Abyss:2)
  16 orcs
  An endoplasm (D:2)
  A frilled lizard (Lair:4)
  A kobold (D:10)
  4 fire vortices
  A lurking horror (Abyss:4)
  6 starspawn tentacles
371 creatures vanquished.

Vanquished Creatures (others)
  A fire giant (Depths:1)
  A red draconian (Zot:2)
  A thrashing horror (Abyss:4)
  A hell hog (Depths:4)
  2 titan simulacra
  A raiju (Abyss:4)
  A flying skull (Abyss:4)
  A wraith (Abyss:4)
  A water elemental (Elf:1)
  A shadow (Abyss:2)
  A golden eye (Abyss:4)
  A human (Lair:6)
  2 chaos spawn
  5 large abominations
  9 small abominations
  A quasit (Abyss:4)
  A jelly (Lair:6)
  An orc wizard (D:15)
  An ufetubus (Abyss:4)
  2 creeping infernos
  2 fire vortices
  2 foxfires (Abyss:4)
  82 fungi
  3 lurking horrors
  153 plants
  12 snaplasher vines
  45 starspawn tentacles
  12 tentacles (Shoals:4)
  9 toadstools (D:6)
355 creatures vanquished.

Grand Total: 3850 creatures vanquished

Notes
Turn   | Place    | Note
-------+----------+-------------------------------------------
     0 | D:1      | Ijustatesigmund the Gnoll Conjurer began the quest for the
                  | Orb.
     0 | D:1      | Reached XP level 1. HP: 13/13 MP: 6/6
     1 | D:1      | Found a runed translucent door.
   291 | D:1      | Found a faded altar of an unknown god.
   313 | D:1      | Reached XP level 2. HP: 19/19 MP: 5/7
   316 | D:1      | Learned a level 2 spell: Searing Ray
  1194 | D:2      | Noticed an ogre
  1199 | D:2      | Killed an ogre
  1200 | D:2      | Reached skill level 1 in Fighting
  1200 | D:2      | Reached skill level 1 in Short Blades
  1200 | D:2      | Reached skill level 1 in Long Blades
  1200 | D:2      | Reached skill level 1 in Axes
  1200 | D:2      | Reached skill level 1 in Maces & Flails
  1200 | D:2      | Reached skill level 1 in Polearms
  1200 | D:2      | Reached skill level 1 in Staves
  1200 | D:2      | Reached skill level 1 in Slings
  1200 | D:2      | Reached skill level 1 in Bows
  1200 | D:2      | Reached skill level 1 in Crossbows
  1200 | D:2      | Reached skill level 1 in Throwing
  1200 | D:2      | Reached skill level 1 in Armour
  1200 | D:2      | Reached skill level 1 in Shields
  1200 | D:2      | Reached skill level 1 in Unarmed Combat
  1200 | D:2      | Reached skill level 5 in Spellcasting
  1200 | D:2      | Reached skill level 1 in Hexes
  1200 | D:2      | Reached skill level 1 in Summonings
  1200 | D:2      | Reached skill level 1 in Necromancy
  1200 | D:2      | Reached skill level 1 in Translocations
  1200 | D:2      | Reached skill level 1 in Transmutations
  1200 | D:2      | Reached skill level 1 in Fire Magic
  1200 | D:2      | Reached skill level 1 in Ice Magic
  1200 | D:2      | Reached skill level 1 in Air Magic
  1200 | D:2      | Reached skill level 1 in Earth Magic
  1200 | D:2      | Reached skill level 1 in Poison Magic
  1200 | D:2      | Reached skill level 1 in Invocations
  1200 | D:2      | Reached skill level 1 in Evocations
  1200 | D:2      | Reached XP level 3. HP: 15/26 MP: 0/9
  1200 | D:2      | Reached XP level 4. HP: 18/32 MP: 0/11
  1446 | D:2      | Reached XP level 5. HP: 37/37 MP: 8/12
  1569 | D:2      | Found Faaclaup's Distillery.
  1576 | D:2      | Bought a potion of heal wounds for 55 gold pieces
  1576 | D:2      | Bought a potion of degeneration for 11 gold pieces
  2026 | D:3      | You fall into a shaft and drop 1 floor!
  2026 | D:4      | Found a hide-covered altar of Uskayaw.
  2038 | D:4      | Identified the +6 whip of Verdant Absolution {drain, rPois
                  | rF- SInv}
  2376 | D:4      | Reached skill level 2 in Invocations
  2376 | D:4      | Reached XP level 6. HP: 44/44 MP: 8/14
  2483 | D:4      | Found a blossoming altar of Fedhas.
  2738 | D:3      | Reached skill level 5 in Dodging
  3947 | D:5      | Entered Level 5 of the Dungeon
  4010 | D:5      | Found a glowing golden altar of the Shining One.
  4012 | D:5      | Found a shadowy altar of Dithmenos.
  4293 | D:5      | Found a snail-covered altar of Cheibriados.
  4367 | D:5      | Noticed a black bear
  4375 | D:5      | Killed a black bear
  4376 | D:5      | Reached XP level 7. HP: 50/50 MP: 5/15
  4601 | D:5      | Noticed Blork the orc
  4607 | D:5      | Killed Blork the orc
  4978 | D:6      | Noticed a hornet
  4995 | D:6      | Reached skill level 5 in Stealth
  5151 | D:6      | Noticed Duvessa
  5153 | D:6      | Noticed Dowan
  5160 | D:6      | Killed Dowan
  5161 | D:6      | Reached skill level 3 in Invocations
  5192 | D:6      | HP: 1/51 [Duvessa/+0 rapier (14)]
  5193 | D:6      | Killed Duvessa
  5194 | D:6      | Reached XP level 8. HP: 1/57 MP: 5/16
  5759 | D:6      | Identified the +1 robe "Fuido" {rC- Int+4 Archmagi}
  5857 | D:6      | Learned a level 4 spell: Flame Wave
  5863 | D:6      | Learned a level 5 spell: Iskenderun's Battlesphere
  5977 | D:6      | Noticed Edmund
  5979 | D:6      | Killed a hornet
  5984 | D:6      | Killed Edmund
  6216 | D:5      | Became a worshipper of Cheibriados the Contemplative
  6309 | D:6      | Noticed Prince Ribbit
  6314 | D:6      | Noticed Grinder
  6317 | D:6      | Killed Prince Ribbit
  6318 | D:6      | Reached skill level 4 in Invocations
  6494 | D:6      | Killed Grinder
  6495 | D:6      | Reached XP level 9. HP: 65/65 MP: 8/18
  6497 | D:6      | Learned a level 1 spell: Apportation
  6981 | D:6      | Reached * piety under Cheibriados
  7387 | D:6      | Found a staircase to the Ecumenical Temple.
  7851 | D:7      | Noticed Pikel
  7861 | D:7      | Killed Pikel
  7862 | D:7      | Reached skill level 5 in Invocations
  7865 | D:7      | Noticed a cyclops
  7878 | D:7      | Killed a cyclops
  7879 | D:7      | Reached XP level 10. HP: 73/73 MP: 4/20
  8106 | D:7      | Found a bloodstained altar of Trog.
  8128 | D:7      | Reached skill level 5 in Fighting
  8128 | D:7      | Reached skill level 5 in Short Blades
  8128 | D:7      | Reached skill level 5 in Long Blades
  8128 | D:7      | Reached skill level 5 in Axes
  8128 | D:7      | Reached skill level 5 in Maces & Flails
  8128 | D:7      | Reached skill level 5 in Polearms
  8128 | D:7      | Reached skill level 5 in Staves
  8128 | D:7      | Reached skill level 5 in Slings
  8128 | D:7      | Reached skill level 5 in Bows
  8128 | D:7      | Reached skill level 5 in Crossbows
  8128 | D:7      | Reached skill level 5 in Throwing
  8128 | D:7      | Reached skill level 5 in Armour
  8128 | D:7      | Reached skill level 5 in Shields
  8128 | D:7      | Reached skill level 5 in Unarmed Combat
  8128 | D:7      | Reached skill level 5 in Evocations
  8410 | D:7      | Found Efuxkeat's Jewellery Boutique.
  8753 | D:7      | Reached ** piety under Cheibriados
  8826 | D:7      | Found a glowing silver altar of Zin.
  8878 | D:7      | Bought a ring of magical power for 260 gold pieces
  8928 | D:7      | Learned a level 5 spell: Borgnjor's Vile Clutch
  9164 | D:8      | Noticed a two-headed ogre
  9170 | D:8      | Killed a two-headed ogre
  9755 | D:8      | Reached skill level 6 in Invocations
 10227 | D:8      | Reached *** piety under Cheibriados
 10407 | D:9      | Found a broken altar of Ashenzari.
 10823 | D:9      | Noticed a two-headed ogre
 10824 | D:9      | Reached XP level 11. HP: 68/81 MP: 2/22
 10830 | D:9      | Killed a two-headed ogre
 11134 | D:9      | Found an ancient bone altar of Kikubaaqudgha.
 11186 | D:9      | Reached skill level 5 in Hexes
 11186 | D:9      | Reached skill level 5 in Summonings
 11186 | D:9      | Reached skill level 5 in Necromancy
 11186 | D:9      | Reached skill level 5 in Translocations
 11186 | D:9      | Reached skill level 5 in Transmutations
 11186 | D:9      | Reached skill level 5 in Fire Magic
 11186 | D:9      | Reached skill level 5 in Ice Magic
 11186 | D:9      | Reached skill level 5 in Air Magic
 11186 | D:9      | Reached skill level 5 in Earth Magic
 11186 | D:9      | Reached skill level 5 in Poison Magic
 11557 | D:9      | Found a shimmering altar of Xom.
 11627 | D:10     | Entered Level 10 of the Dungeon
 11635 | D:10     | Noticed Lodul
 11748 | D:10     | Learned a level 5 spell: Summon Forest
 11811 | D:10     | Reached **** piety under Cheibriados
 12314 | D:10     | Reached skill level 7 in Invocations
 12356 | D:10     | Killed Lodul
 12356 | D:10     | Reached ***** piety under Cheibriados
 12837 | D:10     | Found a staircase to the Lair.
 13008 | D:10     | Reached XP level 12. HP: 89/89 MP: 24/24
 13290 | D:10     | Noticed Erolcha
 13304 | D:10     | Killed Erolcha
 13503 | D:10     | Found a staircase to the Orcish Mines.
 14015 | D:11     | Reached skill level 8 in Invocations
 14742 | D:12     | Identified a scroll of acquirement
 14742 | D:12     | Acquired a book of Alchemy
 14752 | D:12     | Learned a level 5 spell: Irradiate
 14923 | D:12     | Noticed a two-headed ogre
 14927 | D:12     | Killed a two-headed ogre
 15106 | D:12     | Noticed a four-headed hydra
 15113 | D:12     | Killed a four-headed hydra
 15587 | D:13     | Noticed a centaur warrior
 15591 | D:13     | Killed a centaur warrior
 15623 | D:13     | Noticed a four-headed hydra
 15694 | D:13     | Noticed a boulder beetle
 15708 | D:13     | Killed a boulder beetle
 15730 | D:13     | Noticed a centaur warrior
 15734 | D:13     | Noticed a tengu warrior
 15737 | D:13     | Killed a centaur warrior
 15741 | D:13     | Killed a tengu warrior
 15741 | D:13     | Reached ****** piety under Cheibriados
 15742 | D:13     | Reached XP level 13. HP: 58/98 MP: 26/26
 15848 | D:13     | Found a frozen archway.
 15857 | IceCv    | Entered an ice cave
 16401 | IceCv    | Reached skill level 9 in Invocations
 16544 | IceCv    | Reached skill level 10 in Conjurations
 16686 | IceCv    | Noticed a frost giant
 16702 | IceCv    | Killed a frost giant
 17606 | D:13     | Reached skill level 10 in Spellcasting
 18023 | D:14     | Found a gate to the Vaults.
 18023 | D:14     | Noticed a vault guard
 18023 | D:14     | Noticed a vault guard
 18023 | D:14     | Noticed a vault guard
 18023 | D:14     | Noticed a vault guard
 18219 | Lair:1   | Entered Level 1 of the Lair of Beasts
 18507 | Lair:1   | Noticed Joseph
 18518 | Lair:1   | Killed Joseph
 18593 | Lair:1   | Reached skill level 10 in Dodging
 18594 | Lair:1   | Reached XP level 14. HP: 106/106 MP: 22/28
 19510 | Lair:2   | Noticed Heedrag's ghost (journeyman DsCj)
 19535 | Lair:2   | Found a runed translucent gate.
 19535 | Lair:2   | Found a runed translucent gate.
 19535 | Lair:2   | Found a runed translucent gate.
 19813 | Lair:2   | Reached skill level 10 in Stealth
 21044 | Lair:3   | Reached skill level 10 in Invocations
 21906 | Lair:3   | Found a staircase to the Shoals.
 22500 | Lair:4   | Found a staircase to the Snake Pit.
 23034 | Lair:4   | Learned a level 6 spell: Iron Shot
 23618 | Lair:4   | Noticed Urug
 23624 | Lair:4   | Killed Urug
 24883 | Lair:5   | Found a staircase to the Slime Pits.
 25004 | Lair:5   | Reached XP level 15. HP: 112/115 MP: 9/29
 25647 | Lair:6   | Entered Level 6 of the Lair of Beasts
 26246 | Lair:6   | Reached skill level 10 in Fighting
 26246 | Lair:6   | Reached skill level 10 in Short Blades
 26246 | Lair:6   | Reached skill level 10 in Long Blades
 26246 | Lair:6   | Reached skill level 10 in Axes
 26246 | Lair:6   | Reached skill level 10 in Maces & Flails
 26246 | Lair:6   | Reached skill level 10 in Polearms
 26246 | Lair:6   | Reached skill level 10 in Staves
 26246 | Lair:6   | Reached skill level 10 in Slings
 26246 | Lair:6   | Reached skill level 10 in Bows
 26246 | Lair:6   | Reached skill level 10 in Crossbows
 26246 | Lair:6   | Reached skill level 10 in Throwing
 26246 | Lair:6   | Reached skill level 10 in Armour
 26246 | Lair:6   | Reached skill level 10 in Shields
 26246 | Lair:6   | Reached skill level 10 in Unarmed Combat
 26246 | Lair:6   | Reached skill level 10 in Evocations
 26467 | Lair:6   | Identified the +10 trident "Qazolap" {flame, rElec rF-
                  | rCorr Str+3}
 26907 | Lair:6   | Reached skill level 11 in Invocations
 27441 | Lair:6   | Noticed Kirke
 27452 | Lair:6   | Noticed a sphinx
 27453 | Lair:6   | Killed Kirke
 27985 | Orc:1    | Entered Level 1 of the Orcish Mines
 27985 | Orc:1    | Noticed Jorgrun
 27990 | Orc:1    | Killed Jorgrun
 28690 | Orc:1    | Found Ovvudu's Antique Armour Shop.
 28700 | Orc:1    | Bought a pair of dazzling gloves for 256 gold pieces
 28700 | Orc:1    | Identified the +1 pair of gloves "Ypreusud" {Will+ Str+6
                  | Int-5 Stlth+} (You bought it in a shop on level 1 of the
                  | Orcish Mines)
 28875 | Orc:2    | Entered Level 2 of the Orcish Mines
 30333 | Orc:2    | Found Zumagis's Magic Scroll Shop.
 30335 | Orc:2    | Found Jaghy's General Store.
 30638 | Orc:2    | Reached XP level 16. HP: 123/123 MP: 26/31
 31014 | Orc:2    | Found a staircase to the Elven Halls.
 31068 | Orc:2    | Bought a scroll of teleportation for 33 gold pieces
 31068 | Orc:2    | Bought a scroll of teleportation for 33 gold pieces
 31264 | Orc:2    | Paralysed by an orc sorcerer for 3 turns
 31271 | Orc:2    | Gained mutation: Your body sometimes deteriorates upon
                  | taking damage. [a neqoxec]
 32188 | Orc:2    | Found Ydimaem's Jewellery Shoppe.
 32188 | Orc:2    | Found Lobbevvolo's Antique Armour Emporium.
 32189 | Orc:2    | Found a one-way gate leading to the halls of Pandemonium.
 32191 | Orc:2    | Upgraded the game from 0.29-a0-521-g59ce8b2d47 to
                  | 0.29-a0-541-gaf1fc19f1b
 32193 | Orc:2    | Bought a glowing kite shield for 187 gold pieces
 32199 | Orc:2    | Bought a ring of wizardry for 420 gold pieces
 33003 | D:14     | Learned a level 4 spell: Dispel Undead
 34353 | D:15     | Entered Level 15 of the Dungeon
 34791 | D:15     | Reached skill level 12 in Invocations
 35062 | D:15     | Found a portal to a secret trove of treasure.
 35185 | D:15     | Found a staircase to the Depths.
 36005 | Depths:1 | Entered Level 1 of the Depths
 36052 | Depths:1 | Acquired a +3 demon blade of pain
 36084 | Depths:1 | Found a one-way gate to the infinite horrors of the Abyss.
 37231 | Depths:1 | Found a sacrificial altar of Ru.
 37252 | Depths:1 | Found Emotegidd's Weapon Emporium.
 37317 | Depths:1 | Found a gateway to Hell.
 37324 | Depths:1 | Reached XP level 17. HP: 97/131 MP: 19/33
 38800 | Shoals:1 | Entered Level 1 of the Shoals
 39289 | Shoals:1 | Found Verud's Distillery.
 39477 | Shoals:1 | Noticed Frances
 39483 | Shoals:1 | Killed Frances
 39795 | Shoals:2 | You fall into a shaft and drop 1 floor!
 40154 | Shoals:3 | Noticed Polyphemus
 40166 | Shoals:3 | Killed Polyphemus
 40230 | Shoals:2 | Found Lynibe's Antique Weapon Shoppe.
 40473 | Shoals:2 | Found a runed translucent gate.
 40474 | Shoals:2 | Found a runed translucent gate.
 40474 | Shoals:2 | Found an opulent altar of Gozag.
 40555 | Shoals:2 | Found a runed translucent gate.
 40557 | Shoals:2 | Noticed Sat's ghost (adept MiBe)
 40560 | Shoals:2 | Found Byoqagoc's Assorted Antiques.
 40595 | Shoals:2 | Killed Sat's ghost
 41110 | Shoals:2 | Reached skill level 10 in Hexes
 41110 | Shoals:2 | Reached skill level 10 in Summonings
 41110 | Shoals:2 | Reached skill level 10 in Necromancy
 41110 | Shoals:2 | Reached skill level 10 in Translocations
 41110 | Shoals:2 | Reached skill level 10 in Transmutations
 41110 | Shoals:2 | Reached skill level 10 in Fire Magic
 41110 | Shoals:2 | Reached skill level 10 in Ice Magic
 41110 | Shoals:2 | Reached skill level 10 in Air Magic
 41110 | Shoals:2 | Reached skill level 10 in Earth Magic
 41110 | Shoals:2 | Reached skill level 10 in Poison Magic
 42403 | Shoals:4 | Entered Level 4 of the Shoals
 42429 | Shoals:4 | Reached skill level 13 in Invocations
 43716 | Shoals:3 | Reached XP level 18. HP: 88/140 MP: 35/35
 44223 | Shoals:4 | Noticed Louise
 44233 | Shoals:4 | Killed Louise
 45213 | Shoals:4 | Got a barnacled rune of Zot
 45337 | Shoals:4 | Identified the +5 dagger of Floods {vorpal, rF+}
 45685 | Shoals:4 | Noticed Ilsuiw
 45695 | Shoals:4 | Killed Ilsuiw
 46078 | Shoals:4 | Found the macabre finger necklace {rN+}
 46162 | Shoals:4 | Learned a level 2 spell: Passwall
 46706 | Snake:1  | Entered Level 1 of the Snake Pit
 47577 | Snake:1  | Found Hotanisy's Assorted Antiques.
 47586 | Snake:1  | Found Zameum's Jewellery Shoppe.
 47676 | Snake:1  | Bought a scroll of magic mapping for 66 gold pieces
 47676 | Snake:1  | Bought an agate ring for 95 gold pieces
 48254 | Snake:2  | Noticed Saint Roka
 48529 | Snake:1  | Killed Saint Roka
 48797 | Snake:2  | Found Sus Jic's Weapon Shoppe.
 48797 | Snake:2  | Found Axyochug's General Store.
 48906 | Snake:2  | Bought a scroll of poison for 56 gold pieces
 49786 | Snake:2  | Found Fempab's Gadget Gallery.
 50303 | Snake:3  | Found Cethoveu's Jewellery Emporium.
 50356 | Snake:3  | Reached XP level 19. HP: 109/148 MP: 19/36
 50554 | Snake:3  | Identified the +5 pair of boots of Submission {rPois Will+
                  | Str+7 Dex-3}
 50998 | Snake:4  | Entered Level 4 of the Snake Pit
 51468 | Snake:4  | Found a runed translucent door.
 51799 | Snake:4  | Reached skill level 14 in Invocations
 52119 | Snake:4  | Found Xeigg's Jewellery Emporium.
 52120 | Snake:4  | Found Ixyef's Book Shop.
 52121 | Snake:4  | Found Teibioc's Jewellery Emporium.
 52132 | Snake:4  | Acquired the +1 kite shield of Lies {Int+6 Dex+4}
 53184 | Snake:4  | Got a serpentine rune of Zot
 53592 | Vaults:1 | Entered Level 1 of the Vaults
 54552 | Vaults:1 | Found Deirid's Assorted Antiques.
 54564 | Vaults:1 | Bought a runed helmet for 225 gold pieces
 54564 | Vaults:1 | Bought a pair of encrusted gloves for 285 gold pieces
 54564 | Vaults:1 | Identified the +1 pair of gloves of Peek-a-Boo {rC+} (You
                  | bought it in a shop on level 1 of the Vaults)
 55339 | Vaults:1 | Reached XP level 20. HP: 146/157 MP: 36/38
 58061 | Vaults:3 | Reached skill level 15 in Invocations
 58305 | Vaults:3 | Found a staircase to the Crypt.
 59783 | Vaults:3 | Reached XP level 21. HP: 165/165 MP: 39/39
 59956 | Vaults:3 | Found Plog's Armour Shop.
 60633 | Vaults:4 | Reached skill level 15 in Spellcasting
 61151 | Vaults:1 | Bought a scroll of teleportation for 90 gold pieces
 61151 | Vaults:1 | Bought a scroll of teleportation for 90 gold pieces
 61427 | Vaults:4 | Reached skill level 15 in Dodging
 61848 | Vaults:4 | Reached skill level 15 in Stealth
 63314 | Vaults:4 | Identified the +1 robe "Zuewk" {Rampage rF+ Slay+2}
 63610 | Vaults:5 | Entered Level 5 of the Vaults
 63620 | Vaults:5 | Reached skill level 16 in Invocations
 64311 | Vaults:4 | Upgraded the game from 0.29-a0-541-gaf1fc19f1b to
                  | 0.29-a0-542-g075992c915
 64321 | Vaults:5 | Reached XP level 22. HP: 158/174 MP: 27/41
 64555 | Vaults:5 | Noticed an ancient lich
 64904 | Elf:1    | Entered Level 1 of the Elven Halls
 65589 | Elf:1    | Got Zijediel's Catalogue of the Escort
 65665 | Elf:1    | Found a runed translucent door.
 65667 | Elf:1    | Noticed FIQ's ghost (journeyman DjCj)
 65674 | Elf:1    | Killed FIQ's ghost
 66322 | Elf:2    | Noticed Agnes
 66331 | Elf:1    | Killed Agnes
 66525 | Elf:2    | Reached skill level 15 in Fighting
 66525 | Elf:2    | Reached skill level 15 in Short Blades
 66525 | Elf:2    | Reached skill level 15 in Long Blades
 66525 | Elf:2    | Reached skill level 15 in Axes
 66525 | Elf:2    | Reached skill level 15 in Maces & Flails
 66525 | Elf:2    | Reached skill level 15 in Polearms
 66525 | Elf:2    | Reached skill level 15 in Staves
 66525 | Elf:2    | Reached skill level 15 in Slings
 66525 | Elf:2    | Reached skill level 15 in Bows
 66525 | Elf:2    | Reached skill level 15 in Crossbows
 66525 | Elf:2    | Reached skill level 15 in Throwing
 66525 | Elf:2    | Reached skill level 15 in Armour
 66525 | Elf:2    | Reached skill level 15 in Shields
 66525 | Elf:2    | Reached skill level 15 in Unarmed Combat
 66525 | Elf:2    | Reached skill level 15 in Evocations
 66780 | Elf:2    | Found a runed translucent gate.
 66824 | Elf:2    | Found a radiant altar of Vehumet.
 66861 | Elf:2    | Found Gimiept's Armour Boutique.
 67269 | Elf:2    | Found a runed translucent gate.
 67269 | Elf:2    | Found a runed translucent gate.
 68238 | Elf:3    | Entered Level 3 of the Elven Halls
 69315 | Elf:3    | Found a runed translucent door.
 70301 | Elf:3    | Identified the ring "Ras Fida" {Ice rN+ Will+ Int+4 Dex-3}
 70352 | Elf:3    | Identified the +4 whip of Zesaob {drain, rElec rPois rCorr
                  | Dex-4}
 70520 | Elf:3    | Acquired the +2 fustibalus of Xaopnut {flame, rN+ Int+8}
 70532 | Elf:3    | Acquired the +2 pair of gloves of the Garden {rC+ Dex+4}
 70561 | Elf:3    | Reached XP level 23. HP: 178/182 MP: 28/43
 70787 | Elf:3    | Identified the +8 dire flail "Ijustatesigmund's Doom"
                  | {spect, rN+ Str+2}
 71678 | Vaults:4 | Killed an ancient lich
 71795 | Vaults:5 | Noticed an ancient lich
 71934 | Vaults:4 | Killed an ancient lich
 72102 | Vaults:5 | Noticed a golden dragon
 72104 | Vaults:5 | Killed a golden dragon
 72112 | Vaults:5 | Identified the +0 fustibalus of the Warrior {venom, Str+2
                  | Dex+4}
 72112 | Vaults:5 | Identified the amulet "Cyitaf" {Acrobat Int+5}
 72703 | Vaults:5 | Noticed Sojobo
 72705 | Vaults:5 | Paralysed by an air elemental for 1 turns
 72713 | Vaults:5 | Paralysed by an air elemental for 1 turns
 72717 | Vaults:5 | Killed Sojobo
 72718 | Vaults:5 | Reached skill level 17 in Invocations
 72747 | Vaults:5 | Reached skill level 15 in Conjurations
 73754 | Vaults:5 | Noticed a golden dragon
 73766 | Vaults:5 | Killed a golden dragon
 73866 | Vaults:5 | Learned a level 3 spell: Ignite Poison
 74030 | Vaults:5 | Got a silver rune of Zot
 74039 | Vaults:5 | Noticed an ancient lich
 74048 | Vaults:5 | Killed an ancient lich
 74283 | Vaults:5 | Identified the +8 hand axe of Wondrous Power {antimagic,
                  | rC+}
 74538 | Vaults:5 | Found the +2 hood of the Assassin {Detection Stab+ Stlth++}
 74556 | Vaults:5 | Got the Compendium of Weightlessness and Dark Magic
 75490 | Vaults:5 | Identified the +2 pair of gloves of the Stonemason {-Tele
                  | +Inv rPois rC++}
 75832 | Depths:2 | Reached XP level 24. HP: 187/191 MP: 20/43
 76133 | Depths:2 | Paralysed by a vampire knight for 4 turns
 76642 | Depths:2 | Found a runed translucent door.
 76650 | Depths:2 | Noticed a juggernaut
 76663 | Depths:2 | Killed a juggernaut
 77017 | Depths:2 | Noticed a caustic shrike
 77031 | Depths:2 | Killed a caustic shrike
 77200 | Depths:2 | Noticed a caustic shrike
 77205 | Depths:2 | Killed a caustic shrike
 77439 | Depths:2 | Identified the +1 cloak "Wouboipt" {Dex+3 SInv}
 77847 | Depths:2 | Identified the +1 robe "Fupsige" {Contam Rampage rPois}
 77848 | Depths:2 | Identified the +4 shortbow "Keynywooro" {freeze, Str+3}
 77850 | Depths:2 | Got the Reference Book on Attacks
 78017 | Depths:2 | Found an ancient bone altar of Kikubaaqudgha.
 78017 | Depths:2 | Found a sacrificial altar of Ru.
 78019 | Depths:2 | Found an opulent altar of Gozag.
 78019 | Depths:2 | Found a hide-covered altar of Uskayaw.
 78917 | Depths:2 | Identified the +3 dagger of the Bear {holy, *Rage SInv
                  | Stlth+}
 79223 | Depths:2 | Found a runed translucent door.
 79225 | Depths:2 | Found a runed translucent door.
 79235 | Depths:2 | Reached skill level 18 in Invocations
 79514 | Depths:2 | Identified the amulet of Poucuh {Spirit +Inv Fly Str+4
                  | Dex-5}
 80146 | Depths:4 | Entered Level 4 of the Depths
 80146 | Depths:4 | Found a one-way gateway to a ziggurat.
 80340 | Depths:4 | Identified the ring of Ytezis {Ice MP+9}
 80340 | Depths:4 | Noticed Josephina
 80347 | Depths:4 | Killed Josephina
 80351 | Depths:4 | Reached XP level 25. HP: 127/198 MP: 23/44
 81126 | Depths:4 | Found a gate to the Realm of Zot.
 81942 | Depths:4 | Noticed Margery
 81960 | Depths:4 | Killed Margery
 84256 | Zot:1    | Entered Level 1 of the Realm of Zot
 85220 | Zot:1    | Learned a level 7 spell: Spellforged Servitor
 85226 | Zot:1    | Learned a level 5 spell: Freezing Cloud
 86863 | Zot:2    | Reached XP level 26. HP: 208/208 MP: 45/45
 87650 | Zot:2    | Identified the +12 flail "Qykuree" {vorpal, rF+ rC+ rCorr
                  | Str+3}
 88202 | Zot:3    | Noticed a Killer Klown
 88211 | Zot:3    | Killed a Killer Klown
 88405 | Zot:3    | Found a runed translucent gate.
 88405 | Zot:3    | Found a runed translucent gate.
 88405 | Zot:3    | Found a runed translucent gate.
 88410 | Zot:3    | Noticed Teqoj's ghost (legendary MiBe)
 88486 | Zot:3    | Found the +4 dragonskin cloak
 88486 | Zot:3    | Noticed Tiamat
 88494 | Zot:3    | Reached skill level 19 in Invocations
 88519 | Zot:3    | Killed Tiamat
 88707 | Zot:3    | Reached skill level 15 in Hexes
 88707 | Zot:3    | Reached skill level 15 in Summonings
 88707 | Zot:3    | Reached skill level 15 in Necromancy
 88707 | Zot:3    | Reached skill level 15 in Translocations
 88707 | Zot:3    | Reached skill level 15 in Transmutations
 88707 | Zot:3    | Reached skill level 15 in Fire Magic
 88707 | Zot:3    | Reached skill level 15 in Ice Magic
 88707 | Zot:3    | Reached skill level 15 in Air Magic
 88707 | Zot:3    | Reached skill level 15 in Earth Magic
 88707 | Zot:3    | Reached skill level 15 in Poison Magic
 89177 | Zot:3    | Noticed an orb of fire
 89186 | Zot:3    | Gained mutation: You do not regenerate when monsters are
                  | visible. [an orb of fire]
 89196 | Zot:3    | Killed an orb of fire
 90187 | Slime:1  | Entered Level 1 of the Pits of Slime
 90809 | Slime:5  | Entered Level 5 of the Pits of Slime
 90833 | Slime:4  | Gained mutation: Armour fits poorly on your strangely
                  | shaped body. [a shining eye]
 91209 | Slime:5  | Gained mutation: You tend to lose your temper in combat. [a
                  | shining eye]
 92541 | Slime:2  | Noticed Dissolution
 92549 | Slime:2  | Killed Dissolution
 94244 | Slime:4  | Found a viscous altar of Jiyva.
 94381 | Slime:5  | Noticed the Royal Jelly
 94401 | Slime:5  | Killed the Royal Jelly
 94402 | Slime:5  | Reached XP level 27. HP: 83/217 MP: 23/45
 95759 | Slime:5  | Identified the +0 plate armour "Qubbazxe" {rElec rC+}
 95770 | Slime:5  | Got a slimy rune of Zot
 95787 | Slime:5  | Identified the +7 dagger of the Common Good {freeze, *Noise
                  | Dex+7}
 95802 | Slime:5  | Identified the ring "Daschompy" {rC+ rN+}
 95959 | Lair:5   | Lost mutation: Armour fits poorly on your strangely shaped
                  | body. [potion of mutation]
 95959 | Lair:5   | Lost mutation: You tend to lose your temper in combat.
                  | [potion of mutation]
 95959 | Lair:5   | Lost mutation: You do not regenerate when monsters are
                  | visible. [potion of mutation]
 95959 | Lair:5   | Gained mutation: You are agile. (Dex +2) [potion of
                  | mutation]
 95959 | Lair:5   | Gained mutation: You tend to lose your temper in combat.
                  | [potion of mutation]
 95960 | Lair:5   | Lost mutation: You are agile. (Dex +2) [potion of mutation]
 95960 | Lair:5   | Lost mutation: You tend to lose your temper in combat.
                  | [potion of mutation]
 95960 | Lair:5   | Lost mutation: Your body sometimes deteriorates upon taking
                  | damage. [potion of mutation]
 95960 | Lair:5   | Gained mutation: You are somewhat resistant to further
                  | mutation. [potion of mutation]
 95960 | Lair:5   | Gained mutation: You tend to lose your temper in combat.
                  | [potion of mutation]
 96073 | Shoals:1 | Bought a potion of mutation for 112 gold pieces
 96073 | Shoals:1 | Lost mutation: You tend to lose your temper in combat.
                  | [potion of mutation]
 96073 | Shoals:1 | Lost mutation: You are somewhat resistant to further
                  | mutation. [potion of mutation]
 96073 | Shoals:1 | Gained mutation: You have sharp toenails. [potion of
                  | mutation]
 96073 | Shoals:1 | Gained mutation: You expend magic power (3 MP) to
                  | strengthen your wands. [potion of mutation]
 96073 | Shoals:1 | Gained mutation: You have a pair of small horns on your
                  | head. [potion of mutation]
 96441 | Crypt:1  | Entered Level 1 of the Crypt
 96622 | Crypt:3  | Entered Level 3 of the Crypt
 97711 | Crypt:1  | Identified the +10 shortbow "Sazoplut" {vorpal, Int+4}
 98250 | Crypt:2  | Noticed Mennas
 98267 | Crypt:2  | Killed Mennas
 99896 | Crypt:3  | Found a staircase to the Tomb.
100288 | Crypt:3  | Noticed a dread lich
100288 | Crypt:3  | Noticed a dread lich
100454 | Crypt:3  | Reached skill level 20 in Invocations
100847 | Crypt:3  | Killed a dread lich
100850 | Crypt:3  | Killed a dread lich
100980 | Crypt:3  | Got the Papyrus of Evil Magic
100981 | Crypt:3  | Identified the ring "Lenoil" {rF+ Will+ Dex+4}
101220 | Hell     | Entered the Vestibule of Hell
101220 | Hell     | Noticed Geryon
101246 | Hell     | Killed Geryon
103178 | Hell     | Found a gateway to the freezing wastes of Cocytus.
103197 | Hell     | Found a gateway to the Iron City of Dis.
103290 | Hell     | Found a gateway to the ashen valley of Gehenna.
103346 | Hell     | Found a gateway to the decaying netherworld of Tartarus.
103383 | Hell     | Learned a level 8 spell: Necromutation
103730 | Geh:1    | Entered Level 1 of Gehenna
105479 | Zot:3    | Found a corrupted altar of Lugonu.
106122 | Zot:3    | Identified the +2 cloak of Midnight {rCorr}
107560 | Zot:5    | Entered Level 5 of the Realm of Zot
108161 | Zot:5    | Noticed an orb of fire
108163 | Zot:5    | Noticed a dread lich
108164 | Zot:5    | Noticed an orb of fire
108166 | Zot:5    | Noticed a dread lich
108397 | Zot:5    | Reached skill level 21 in Invocations
108807 | Zot:5    | Killed an orb of fire
108849 | Zot:5    | Noticed an ancient lich
108862 | Zot:5    | Killed an ancient lich
109165 | Zot:5    | Noticed an orb of fire
109169 | Zot:5    | Gained mutation: You are dopey. (Int -2) [an orb of fire]
109169 | Zot:5    | Killed an orb of fire
109311 | Zot:5    | Noticed a dread lich
109316 | Zot:5    | Killed a dread lich
109371 | Zot:5    | Killed a dread lich
109558 | Zot:5    | Noticed a dread lich
109564 | Zot:5    | Killed a dread lich
109896 | Zot:5    | Killed a dread lich
109971 | Zot:5    | Killed an orb of fire
111156 | Depths:1 | Voluntarily entered the Abyss.
111910 | Abyss:3  | Found a corrupted altar of Lugonu.
111935 | Abyss:3  | Found a corrupted altar of Lugonu.
113003 | Abyss:3  | Found a corrupted altar of Lugonu.
114785 | Abyss:4  | Found a corrupted altar of Lugonu.
115224 | Abyss:4  | Paralysed by an air elemental for 1 turns
116052 | Abyss:4  | Paralysed by accursed screaming for 1 turns
116385 | Abyss:4  | Found a radiant altar of Vehumet.
116590 | Abyss:4  | Paralysed by accursed screaming for 1 turns
116758 | Abyss:4  | Found a radiant altar of Vehumet.
116857 | Abyss:4  | Paralysed by accursed screaming for 1 turns
117453 | Abyss:5  | Entered Level 5 of the Abyss
117645 | Abyss:5  | Paralysed by accursed screaming for 1 turns
118199 | Abyss:5  | Reached skill level 22 in Invocations
118199 | Abyss:5  | Got an abyssal rune of Zot
118219 | Depths:1 | Escaped the Abyss
118553 | Tomb:1   | Entered Level 1 of the Tomb of the Ancients
118591 | Tomb:1   | Identified the +0 chain mail "Qeafeawe" {Harm Will+}
119086 | Zot:5    | Got the Orb of Zot
119201 | Zot:3    | Noticed Xeysh the pandemonium lord
119211 | Zot:3    | Killed Xeysh the pandemonium lord
119220 | Zot:3    | Killed Teqoj's ghost
119554 | D:14     | Noticed Lottoim the pandemonium lord
119861 | D:$      | Escaped with the Orb!

Illustrated notes

Levels and vault maps discovered:
D:1:      dpeg_arrival_caged_fury, layout_loops_corners,
          hellmonk_ecumenical_altar_arch_garden
D:2:      cheibrodos_old_hovel, layout_rooms, serial_shops, shop_fountains
D:3:      layout_basic, palyth_stone_intersect, minmay_misc_feat_plants
D:4:      layout_cave_pods, fedhas_altar_4, nicolae_overflow_crystal_walls
D:5:      layout_loops_ring, nicolae_overflow_hidden_temple, feat_on_display,
          uniq_blork_the_orc
D:6:      cheibrodos_fertilizer, layout_loops_corners, temple_hall,
          uniq_prince_ribbit1, uniq_duvessa, uniq_edmund, uniq_grinder
D:7:      layout_basic, zin_treasury, kennysheep_little_box, serial_shops,
          nicolae_shop_statue_plus, uniq_pikel
D:8:      layout_basic, nicolae_concentric_dashed_squares_wild,
          wad_floor_pattern_untrapped, kennysheep_generic_room_12
D:9:      layout_loops_ring, kennysheep_mini_moat, mainiacjoe_overflow_chevrons,
          mainiacjoe_overflow_brackets
D:10:     layout_big_octagon, due_lair_maze_entry_diamond,
          kennysheep_orc_monster_closet_entryway, lemuel_flame_loot_1,
          uniq_erolcha, uniq_lodul
D:11:     layout_roguey
D:12:     layout_long_grid
D:13:     layout_basic, portal_ice_cave_entry_pillars_1
D:14:     layout_stronghold, lightli_vaults_fourway_checkpoint
D:15:     grunt_enter_depths_giant_problem, layout_loops_ring,
          chequers_serial_rivers_large_b, nicolae_trove_entry_columns,
          grunt_ministairs_2
Lair:1:   layout_cave_pods, st_stairs_6, uniq_joseph
Lair:2:   layout_cave_pods, maelrawn_ghost_gauntlet_escape, special_room
          [special_room_bee], serial_bayou_lagoon_b, serial_bayou_shore_a
Lair:3:   layout_regular_city, elwin_shoals_entry_rooms,
          gammafunk_lair_bear_cave, grunt_megastairs_3, lemuel_fruit_fields
Lair:4:   lemuel_reptile_caves, layout_regular_city,
          minmay_snake_entry_guardpost_small, uniq_urug
Lair:5:   layout_cellular_growth, dpeg_slime_entry_corner, minmay_holes,
          minmay_lair_oklob_bushes
Lair:6:   grunt_lair_end_beastmaster, layout_big_grid,
          nicolae_lair_time_for_slime, grunt_megastairs_2, uniq_kirke
Shoals:1: layout_shoals, serial_shops, shop, uniq_frances
Shoals:2: layout_shoals, ebering_ghost_gozag, serial_shops,
          nicolae_shop_crystal, nicolae_shoals_goliath_grotto
Shoals:3: cheibrodos_shoals_oceanic_diplomacy, layout_shoals, uniq_polyphemus
Shoals:4: shoals_end_grunt_ice, layout_shoals, shoals_ilsuiw_alternative,
          uniq_louise
Snake:1:  layout_chambers, nicolae_wooded_promenade
Snake:2:  layout_grid_shapes, nicolae_shop_gadgets, minmay_shoptagon,
          lemuel_fruit_tree, uniq_saint_roka
Snake:3:  layout_honeycomb, serial_shops, shop
Snake:4:  snake_hunt, layout_gridlike, serial_bayou_pond_b, st_stairs_4,
          lightli_airlock, grunt_megastairs_5, minmay_shop_grove
Slime:1:  layout_caves
Slime:2:  nicolae_slime_jelly_donut, layout_caves, uniq_dissolution
Slime:3:  layout_caves
Slime:4:  layout_caves, basic_altar
Slime:5
Orc:1:    layout_diamond_mine, serial_shops, nicolae_shop_behind_doors,
          nicolae_orc_lost_temple, uniq_jorgrun
Orc:2:    pf_orc_diabolical, layout_caves, basic_altar, nicolae_orc_lava_tube,
          mines_bat_river
Elf:1:    nicolae_elf_arrival_fired_up, layout_loops_cross,
          gammafunk_ghost_grave, minmay_elf_demonology
Elf:2:    elven_hall_of_blades_hangedman_original [nicolae_blade_lattice],
          layout_loops_ring, serial_shops, nicolae_take_the_stairs, basic_altar,
          st_stairs_7, uniq_agnes
Elf:3:    minmay_elf_hall_furrowed, layout_geoelf_castle, special_room
          [special_room_orc], minmay_misc_feat_alley, nicolae_danse_macabre
Vaults:1: nicolae_vaults_stairing_the_circle, vaults_room_grunt_arrival_ludios,
          v_rooms_5, nicolae_vaults_hallways_thing,
          nicolae_vaults_circle_grid_a, nicolae_vaults_triangles, v_pattern_2,
          nicolae_vaults_little_squares_6, v_alt_pattern_1,
          nicolae_vaults_shelves_hall, layout_vaults_omnicross, serial_shops,
          nicolae_shop_temple_entry_statues_fountains
Vaults:2: hangedman_vaults_corner_blocks, nicolae_vaults_shelves_hall,
          vaults_mumra_lcd, nicolae_vaults_diagonal_hallway_7, v_misc_19,
          nicolae_vaults_twisting_passages, nicolae_vaults_little_ls,
          vaults_room_hallway, v_misc_16, layout_vaults_quadrants
Vaults:3: minmay_crypt_entry_simple_box, ontoclasm_vaults_ring_large,
          vaults_mumra_hexcomb, v_misc_15, v_misc_26, v_misc_10,
          vaults_room_door_ring, v_rooms_3, nicolae_vaults_ring_of_whatevers,
          nicolae_vaults_rhombus_7, hangedman_vaults_cutoff,
          nicolae_vaults_little_squares_6, vaults_dpeg_spiral,
          grunt_vaults_twisty, ontoclasm_vaults_idyll, st_more_cells,
          vaults_room_pool, layout_vaults_ring, serial_shops, shop_statue
Vaults:4: vaults_dpeg_doors, v_misc_33, st_quartered_hall,
          nicolae_vaults_sealed_display, hangedman_vaults_cutoff,
          vaults_room_door_ring, v_misc_8, v_misc_24, v_misc_11,
          layout_vaults_omnibox
Vaults:5: uniq_sojobo
Crypt:1:  layout_misc_corridors
Crypt:2:  layout_misc_corridors, uniq_mennas
Crypt:3:  david_glass_crypt, layout_misc_corridors,
          nicolae_tomb_entry_rubble_hallway
Tomb:1
Depths:1: layout_gridlike, abyss_entry, grunt_hell_entry_dis_mu, serial_shops,
          shop, nicolae_ru_the_path_less_chosen, grunt_megastairs_1,
          serial_bayou_shore_b, firewood_loft
Depths:2: minmay_the_grid_ultimate [minmay_the_grid_prize_big_room,
          minmay_the_grid_prize_diamond_cup,
          minmay_the_grid_prize_shrinking_boxes,
          minmay_the_grid_prize_trominoes, minmay_the_grid_square_5x5_z,
          minmay_the_grid_square_5x5_lines, minmay_the_grid_square_5x5_c,
          minmay_the_grid_square_5x5_shrine2,
          minmay_the_grid_square_5x5_three_walls,
          minmay_the_grid_square_5x5_inner_v,
          minmay_the_grid_square_5x5_hourglass, minmay_the_grid_square_5x5_plus,
          minmay_the_grid_square_5x5_beaten_path,
          minmay_the_grid_square_5x5_percent,
          minmay_the_grid_square_5x5_tri_point, minmay_the_grid_square_5x5_bite,
          minmay_the_grid_square_5x5_spiral_small,
          minmay_the_grid_square_5x5_broken_cross,
          minmay_the_grid_square_5x5_fat_x,
          minmay_the_grid_triangle_9x9_minimal,
          minmay_the_grid_triangle_9x9_stretched_checkered,
          minmay_the_grid_triangle_9x9_empty,
          minmay_the_grid_triangle_9x9_semitri,
          minmay_the_grid_triangle_9x9_longest,
          minmay_the_grid_triangle_9x9_checkered,
          minmay_the_grid_triangle_9x9_sparse_checkered,
          minmay_the_grid_triangle_9x9_zippers_vertical,
          minmay_the_grid_triangle_9x9_negative_grid,
          minmay_the_grid_triangle_9x9_cache,
          minmay_the_grid_triangle_9x9_impossible_snake,
          minmay_the_grid_triangle_9x9_swiss_cheese,
          minmay_the_grid_triangle_9x9_tough_junction,
          minmay_the_grid_triangle_9x9_flanged_cone,
          minmay_the_grid_triangle_9x9_subtriangle,
          minmay_the_grid_triangle_9x9_warning,
          minmay_the_grid_square_5x5_minivault, minmay_the_grid_octo_pinwheel,
          minmay_the_grid_octo_shrine, minmay_the_grid_octo_chip,
          minmay_the_grid_octo_teeth, minmay_the_grid_octo_empty,
          minmay_the_grid_octo_clover_2, minmay_the_grid_octo_empty,
          minmay_the_grid_octo_concentric, minmay_the_grid_expand,
          minmay_the_grid_medium_cups, minmay_the_grid_tree,
          minmay_the_grid_holed_spiral], pan_entry, hell_entry
Depths:3: hangedman_elemental_death_ray, layout_cave_pools,
          minmay_room_of_horrors, pan_entry, hell_entry, nicolae_wwwww
Depths:4: grunt_zot_entry_bicorn, layout_long_grid, enter_ziggurat_a,
          grunt_hell_horde, minmay_misc_feat_tiny, serial_bayou_shore_b,
          infiniplex_staircase_pool_lava, uniq_josephina, uniq_margery
Hell
Geh:1:    layout_gehenna_pools_triple
Geh:2:    layout_gehenna_pools_basic
Zot:1:    layout_gridlike, st_stairs_6
Zot:2:    layout_basic, lemuel_elevator
Zot:3:    nicolae_zot_draconian_monastery, layout_misc_corridors,
          gammafunk_ghost_split, uniq_tiamat
Zot:4:    layout_twisted_circle, lemuel_elevator
Zot:5:    layout_cathedral_of_symmetry

Skill      XL: |  1  2  3  4  5  6  7  8  9 10 11 12 13 14 15 16 17 18 19 20 21 22 23 24 25 26 27 |
---------------+----------------------------------------------------------------------------------+-----
Fighting       | 1 2 3 4 5 6 7 8 9 10 11 12 13 14 15 16 17 18 19 | 19.8
Short Blades   | 1 2 3 4 5 6 7 8 9 10 11 12 13 14 15 16 17 18 19 | 19.8
Long Blades    | 1 2 3 4 5 6 7 8 9 10 11 12 13 14 15 16 17 18 19 | 19.8
Axes           | 1 2 3 4 5 6 7 8 9 10 11 12 13 14 15 16 17 18 19 | 19.8
Maces & Flails | 1 2 3 4 5 6 7 8 9 10 11 12 13 14 15 16 17 18 19 | 19.8
Polearms       | 1 2 3 4 5 6 7 8 9 10 11 12 13 14 15 16 17 18 19 | 19.8
Staves         | 1 2 3 4 5 6 7 8 9 10 11 12 13 14 15 16 17 18 19 | 19.8
Slings         | 1 2 3 4 5 6 7 8 9 10 11 12 13 14 15 16 17 18 19 | 19.8
Bows           | 1 2 3 4 5 6 7 8 9 10 11 12 13 14 15 16 17 18 19 | 19.8
Crossbows      | 1 2 3 4 5 6 7 8 9 10 11 12 13 14 15 16 17 18 19 | 19.8
Throwing       | 1 2 3 4 5 6 7 8 9 10 11 12 13 14 15 16 17 18 19 | 19.8
Armour         | 1 2 3 4 5 6 7 8 9 10 11 12 13 14 15 16 17 18 19 | 19.8
Shields        | 1 2 3 4 5 6 7 8 9 10 11 12 13 14 15 16 17 18 19 | 19.8
Unarmed Combat | 1 2 3 4 5 6 7 8 9 10 11 12 13 14 15 16 17 18 19 | 19.8
Spellcasting   | 5 6 7 8 9 10 11 12 13 14 15 16 17 18 20 | 20.4
Hexes          | 1 2 3 4 5 6 7 8 9 10 11 12 13 14 15 18 | 18.3
Summonings     | 1 2 3 4 5 6 7 8 9 10 11 12 13 14 15 16 | 16.9
Necromancy     | 1 2 3 4 5 6 7 8 9 10 11 12 13 14 15 16 | 16.9
Translocations | 1 2 3 4 5 6 7 8 9 10 11 12 13 14 15 16 | 16.9
Transmutations | 1 2 3 4 5 6 7 8 9 10 11 12 13 14 15 16 | 16.9
Fire Magic     | 1 2 3 4 5 6 7 8 9 10 11 12 13 14 15 16 | 16.9
Ice Magic      | 1 2 3 4 5 6 7 8 9 10 11 12 13 14 15 16 | 16.9
Air Magic      | 1 2 3 4 5 6 7 8 9 10 11 12 13 14 15 16 | 16.9
Earth Magic    | 1 2 3 4 5 6 7 8 9 10 11 12 13 14 15 16 | 16.9
Poison Magic   | 1 2 3 4 5 6 7 8 9 10 11 12 13 14 15 16 | 16.9
Invocations    | 1 2 3 4 5 6 7 8 9 10 11 12 13 14 15 16 17 18 19 22 | 22.4
Evocations     | 1 2 3 4 5 6 7 8 9 10 11 12 13 14 15 16 17 18 19 | 19.8
Dodging        | 5 6 7 8 9 10 11 12 13 14 15 16 17 18 20 | 20.3
Stealth        | 5 6 7 8 9 10 11 12 13 14 15 16 17 18 20 | 20.2
Conjurations   | 8 9 10 11 12 13 14 15 16 18 | 18.2

Action                   |  1- 3 |  4- 6 |  7- 9 | 10-12 | 13-15 | 16-18 | 19-21 | 22-24 | 25-27 || total
-------------------------+-------+-------+-------+-------+-------+-------+-------+-------+-------++-------
Melee: Short sword       |       |     2 |       |       |       |       |       |       |       ||     2
       Morningstar       |       |     5 |     2 |       |       |       |       |       |       ||     7
       Punch             |       |     1 |       |       |       |       |       |       |       ||     1
       Whip              |       |       |    32 |    17 |     1 |       |       |       |       ||    50
       Bite              |       |       |     2 |     3 |    30 |   105 |   108 |    52 |   629 ||   929
       Flail             |       |       |       |       |   242 |    36 |       |       |  2268 ||  2546
       Demon blade       |       |       |       |       |       |   598 |   568 |   242 |   198 ||  1606
       Trident           |       |       |       |       |       |       |       |       |   313 ||   313
       Unarmed           |       |       |       |       |       |       |       |       |   116 ||   116
       Headbutt          |       |       |       |       |       |       |       |       |   846 ||   846
 Fire: Fustibalus        |       |       |       |       |       |       |       |   246 |   154 ||   400
 Cast: Magic Dart        |    21 |   125 |    99 |   272 |   314 |   204 |    72 |   172 |   225 ||  1504
       Searing Ray       |     2 |     3 |    26 |    31 |    23 |       |       |       |       ||    85
       Iskenderun's Batt |       |       |     8 |    60 |    70 |    62 |    29 |    41 |    33 ||   303
       Summon Forest     |       |       |       |     5 |    21 |    10 |     8 |    17 |     4 ||    65
       Borgnjor's Vile C |       |       |       |    13 |    44 |    70 |    49 |   122 |   152 ||   450
       Apportation       |       |       |       |     3 |       |     2 |       |     3 |    11 ||    19
       Irradiate         |       |       |       |     2 |    20 |    27 |    27 |    13 |    68 ||   157
       Iron Shot         |       |       |       |       |    99 |   201 |   161 |   265 |   447 ||  1173
       Flame Wave        |       |       |       |       |     1 |       |       |       |       ||     1
       Dispel Undead     |       |       |       |       |       |     4 |       |     9 |    34 ||    47
       Passwall          |       |       |       |       |       |     1 |       |       |    37 ||    38
       Freezing Cloud    |       |       |       |       |       |       |       |       |    55 ||    55
       Spellforged Servi |       |       |       |       |       |       |       |       |   129 ||   129
       Necromutation     |       |       |       |       |       |       |       |       |   118 ||   118
Invok: Slouch            |       |       |       |       |     1 |     1 |     3 |     1 |     6 ||    12
 Abil: End Transformatio |       |       |       |       |       |       |       |       |     6 ||     6
Evoke: Wand              |       |       |    12 |    11 |    11 |    21 |    14 |    11 |    25 ||   105
       Condenser vane    |       |       |       |       |       |       |     1 |       |     1 ||     2
  Use: Scroll            |     3 |     8 |     4 |    10 |    10 |    18 |    18 |    11 |    15 ||    97
       Potion            |       |       |     4 |     2 |     1 |     5 |     4 |     2 |    28 ||    46
 Stab: Sleeping          |       |     1 |     1 |     2 |     3 |    10 |    16 |    16 |    44 ||    93
       Distracted        |       |       |     1 |       |     2 |     1 |     3 |     2 |    60 ||    69
       Invisible         |       |       |       |       |       |       |       |       |     6 ||     6
Armor: Robe              |     2 |    13 |    23 |    15 |    41 |     2 |       |       |       ||    96
       Fire dragon scale |       |       |       |       |       |   212 |   176 |   107 |   634 ||  1129
Dodge: Dodged            |     4 |    43 |    65 |   115 |   299 |   406 |   294 |   278 |  2119 ||  3623
Block: Buckler           |       |       |       |       |   280 |    18 |       |       |       ||   298
       Reflection        |       |       |       |       |     5 |    99 |    91 |    55 |    61 ||   311
       Kite shield       |       |       |       |       |       |   859 |   681 |   365 |  3377 ||  5282

Table legend: (Time is in decaauts)
 A = Elapsed time spent in this place.
 B = Non-inter-level travel time spent in this place.
 C = Inter-level travel time spent in this place.
 D = Time resting spent in this place.
 E = Time spent auto-exploring this place.
 F = Levels seen in this place.
 G = Mean time per level.
                   A        B        C        D        E       F      G
               +--------+--------+--------+--------+--------+-----+--------+
         Total | 161874 | 147316 |  14558 |  38760 |  79959 |  66 | 2452.6 |
       Dungeon |  27910 |  24651 |   3259 |   5083 |  15671 |  15 | 1860.7 |
          Lair |  16619 |  13726 |   2893 |   1414 |  10549 |   6 | 2769.8 |
        Shoals |   9965 |   9648 |    317 |   3282 |   4956 |   4 | 2491.2 |
     Snake Pit |  10037 |   9704 |    333 |   2013 |   5746 |   4 | 2509.2 |
    Slime Pits |   7252 |   6869 |    383 |   3142 |   2418 |   5 | 1450.4 |
  Orcish Mines |   5773 |   5311 |    462 |   1996 |   2500 |   2 | 2886.5 |
   Elven Halls |   8874 |   8558 |    316 |   2104 |   4431 |   3 | 2958.0 |
        Vaults |  21450 |  18797 |   2653 |   5857 |   9849 |   5 | 4290.0 |
         Crypt |   6574 |   6192 |    382 |   1403 |   3486 |   3 | 2191.3 |
          Tomb |    121 |     78 |     43 |      0 |      0 |   1 |  121.0 |
        Depths |  17622 |  15684 |   1938 |   5989 |   7285 |   4 | 4405.5 |
          Hell |   1477 |   1362 |    115 |    325 |    763 |   1 | 1477.0 |
       Gehenna |    864 |    832 |     32 |    118 |    621 |   2 |  432.0 |
           Zot |  16388 |  14963 |   1425 |   4506 |   7524 |   5 | 3277.6 |
         Abyss |   9016 |   9016 |      0 |    396 |   3933 |   5 | 1803.2 |
      Ice Cave |   1925 |   1925 |      0 |   1129 |    224 |   1 | 1925.0 |
               +--------+--------+--------+--------+--------+-----+--------+

Top non-repeatable levels by time:
Depths:1: 6820 daAuts
Vaults:4: 5009 daAuts
Depths:2: 4815 daAuts
Vaults:5: 4572 daAuts
   Elf:3: 4337 daAuts
Vaults:3: 4180 daAuts
   Zot:3: 4131 daAuts
   Zot:5: 4111 daAuts
   Orc:2: 4050 daAuts
 Abyss:3: 4018 daAuts
Depths:4: 3895 daAuts
Vaults:2: 3843 daAuts
Vaults:1: 3843 daAuts
    D:14: 3804 daAuts
   Zot:1: 3531 daAuts
